 Dungeon Crawl Stone Soup version 0.22-a0-538-g76cc104 (webtiles) character file.

101147 jamsan the Unseen (level 15, -8/67 HPs)
             Began as a Felid Enchanter on June 20, 2018.
             Was the Champion of Dithmenos.
             Killed by angry trees
             ... awakened by a spriggan druid
              (12 damage)
             ... on level 3 of the Swamp on June 23, 2018.
             The game lasted 06:43:14 (58214 turns).

jamsan the Unseen (Felid Enchanter)                Turns: 58214, Time: 06:43:14

Health: -8/67      AC:  7    Str:  4    XL:     15   Next: 82%
Magic:  23/29      EV: 36    Int: 21    God:    Dithmenos [******]
Gold:   2157       SH:  0    Dex: 22    Spells: 3/28 levels left
                                        Lives:  0   Deaths: 4

rFire    . . .     SeeInvis +     - Unarmed
rCold    + . .     Gourm    .   (shield unavailable)
rNeg     . . .     Faith    .   (armour unavailable)
rPois    .         Spirit   .   (helmet unavailable)
rElec    .         Reflect  .   (cloak unavailable)
rCorr    .         Harm     .   (gloves unavailable)
MR       ++...                  (boots unavailable)
Stlth    ++++++++++             (no amulet)
HPRegen  0.21/turn              i - +4 ring of protection
MPRegen  0.21/turn              K - +3 ring of intelligence

@: flying, very slightly contaminated, wreathed by umbra, invisible, quick
A: very small, no armour, no weapons or thrown items, stealth, claws 1, fangs 3,
see invisible, carnivore, speed 1, high mp 1, shaggy fur 3, slow metabolism 1,
sharp paws
a: Shadow Step, Shadow Form, Renounce Religion


You were on level 3 of the Swamp.
You worshipped Dithmenos.
Dithmenos was exalted by your worship.
You were not hungry.

You visited 7 branches of the dungeon, and saw 32 of its levels.

You collected 2747 gold pieces.
You spent 590 gold pieces at shops.

Inventory:

Jewellery
 i - a +4 ring of protection (left paw)
 p - an uncursed ring of flight
 y - an uncursed ring of fire
 K - a +3 ring of intelligence (right paw)
 Q - an uncursed ring of protection from magic
Wands
 j - a wand of digging (42)
 r - a wand of paralysis (9)
 v - a wand of random effects (34)
 G - a wand of flame (51)
Scrolls
 c - 8 scrolls of amnesia
 e - 13 scrolls of remove curse
 k - 4 scrolls of magic mapping
 n - 2 scrolls of silence {unknown}
 o - 4 scrolls of enchant weapon {unknown}
 q - 2 scrolls of fog {unknown}
 u - 2 scrolls of summoning {unknown}
 w - 2 scrolls of brand weapon {unknown}
 B - 2 scrolls of torment {unknown}
 F - 2 scrolls of identify
 I - 5 scrolls of fear
 M - 2 scrolls of immolation {unknown}
Potions
 a - 8 potions of flight
 f - a potion of magic
 h - 6 potions of curing
 l - 2 potions of invisibility
 m - 5 potions of mutation
 t - 3 potions of might
 x - 4 potions of lignification
 z - 4 potions of cancellation
 C - 5 potions of brilliance
 E - 2 potions of ambrosia {unknown}
 H - a potion of haste
 J - a potion of agility
 L - a potion of resistance {unknown}
Miscellaneous
 d - a lamp of fire (inert)
 A - a crystal ball of energy
 D - a phial of floods
 O - a fan of gales (inert)
Comestibles
 b - 42 rations


   Skills:
 + Level 9.2 Fighting
 + Level 18.6 Dodging
 + Level 19.4 Stealth
 + Level 16.9 Unarmed Combat
 - Level 7.1 Spellcasting
 - Level 13.0 Hexes
 - Level 3.0 Translocations
 + Level 2.4 Ice Magic


You had 3 spell levels left.
You knew the following spells:

 Your Spells              Type           Power        Failure   Level  Hunger
a - Corona                Hex            ######.      1%          1    None
b - Ensorcelled Hibernat  Hex/Ice        #####.       1%          2    None
c - Confuse               Hex            ######..     1%          3    None
d - Tukima's Dance        Hex            ######..     1%          3    None
e - Dazzling Spray        Conj/Hex       ####..       1%          3    None
f - Invisibility          Hex            ######..     6%          6    ######.
g - Cause Fear            Hex            ######....   1%          4    ###....
h - Summon Butterflies    Summ           #.......     9%          1    None
i - Blink                 Tloc           N/A          3%          2    None

Your spell library contained the following spells:

 Spells                   Type           Power        Failure   Level  Hunger
 Magic Dart               Conj           #...         9%          1    None
 Apportation              Tloc           ###...       2%          1    None
 Conjure Flame            Conj/Fire      #.......     26%         3    None
 Bolt of Fire             Conj/Fire      #.........   100%        6    ######.
 Slow                     Hex            ######..     1%          2    None
 Throw Flame              Conj/Fire      #.....       13%         2    None
 Mephitic Cloud           Conj/Pois/Air  #.......     26%         3    None
 Ring of Flames           Chrm/Fire      #.........   100%        7    #######
 Call Imp                 Summ           #.......     13%         2    None
 Stone Arrow              Conj/Erth      #.....       26%         3    None
 Confusing Touch          Hex            ######       1%          1    None
 Passwall                 Tmut/Erth      #.......     13%         2    None
 Metabolic Englaciation   Hex/Ice        #####.....   10%         5    #####..
 Alistair's Intoxication  Tmut/Pois      #.......     94%         5    #####..
 Lee's Rapid Deconstruct  Erth           #.........   94%         5    #####..
 Sandblast                Erth           #.....       9%          1    None
 Portal Projectile        Hex/Tloc       #####.       1%          3    None
 Petrify                  Tmut/Erth      #.......     65%         4    ###....
 Leda's Liquefaction      Hex/Erth       ####......   6%          4    ###....
 Inner Flame              Hex/Fire       ####....     1%          3    None
 Gell's Gravitas          Tloc           ###.......   8%          3    None
 Yara's Violent Unravell  Hex/Tmut       ####......   17%         5    #####..
 Lesser Beckoning         Tloc           ###.......   8%          3    None


Dungeon Overview and Level Annotations

Branches:
Dungeon (15/15)            Temple (1/1) D:6            Lair (6/6) D:9
  Swamp (4/4) Lair:4       Spider (3/4) Lair:2        Slime (1/5) Lair:5
    Orc (2/2) D:9             Elf (0/3) Orc:2        Vaults (0/5) D:13
 Depths (0/5) D:15

Altars:
Ashenzari
Cheibriados
Dithmenos
Elyvilon
Fedhas
Gozag
Hepliaklqana
Kikubaaqudgha
Makhleb
Nemelex Xobeh
Okawaru
Qazlal
Ru
Sif Muna
Trog
Uskayaw
Vehumet
Wu Jian
Xom
Yredelemnul
Zin
The Shining One
Jiyva

Shops:
D:8 ?[   D:15 ?   Orc:2 (![(

Annotations:
D:8 exclusion: downstairs
Lair:3 exclusion: downstairs


Innate Abilities, Weirdness & Mutations

You cannot wear armour.
You are incapable of wielding weapons or throwing items.
Your paws allow you to move quietly. (Stealth)
You have sharp claws.
You have razor-sharp teeth.
You have supernaturally acute eyesight. (SInv)
You are carnivorous and can eat meat at any time.
You cover ground quickly.
Your thick and shaggy fur keeps you warm. (AC +3, rC+)
You have a slow metabolism.
Your sharp claws are effective at attacking unaware monsters.
You have an increased reservoir of magic. (+10% MP)


Message History

The spriggan druid hits you with a quarterstaff.
The vampire mosquito completely misses you.
The swamp drake completely misses you.
Evoke which item? (* to show all) (? for menu, Esc to quit)
Okay, then.
There isn't anything here!
Okay, then.
Casting: Confuse (safe; 1% risk of failure)
Confirm with . or Enter, or press ? or * to list all spells.
You blink.
You are waved at by a branch.
The vampire mosquito buzzes angrily.
You feel roots moving beneath the ground.
You are hit by a branch!
* * * LOW HITPOINT WARNING * * *
A tree reaches out and hits you!
* * * LOW HITPOINT WARNING * * *
There is a stone staircase leading up here.
Okay, then.
You are hit by a branch!
You die...

♣.≈≈≈≈≈≈≈≈≈.♣ ♣[≈≈≈≈≈..§≈.♣§≈≈≈≈
♣.≈≈≈≈≈≈≈...♣ ♣♣.≈≈≈..≈≈.≈♣♣♣♣..≈
..≈≈≈≈≈≈≈..≈♣ ♣......≈≈≈§.≈♣♣♣♣..
...≈≈≈≈≈≈.≈♣♣ ♣≈≈.♣≈.≈≈≈≈..♣♣..≈.
♣♣...≈≈≈.≈♣♣§♣♣.≈≈≈..≈≈≈.♣♣♣≈≈≈..
♣♣...♣♣♣♣♣♣♣♣≈≈≈≈≈≈.≈≈≈.≈♣ ♣≈≈≈..
≈....≈♣♣.<≈♣♣.≈≈≈≈≈.≈≈≈..♣♣♣.§.≈♣
..§≈..♣♣.≈.♣♣.≈.≈≈.≈≈.≈...≈...≈≈♣
♣.≈≈≈≈♣≈...♣♣♣..@...≈♣.....≈≈≈≈♣♣
.≈≈≈≈≈.≈♣♣♣♣♣♣♣.♣♣.≈..≈≈≈≈≈≈≈≈≈♣♣
.≈≈≈≈≈.♣♣≈.≈♣ ♣.§(..≈y≈≈≈≈≈≈≈≈..≈
..≈≈≈.≈♣♣♣..♣ ♣≈≈.≈.i≈≈≈≈k≈≈.....
...≈.♣♣♣♣♣♣≈♣ ♣♣♣♣♣≈.≈≈≈>≈≈♣♣...♣
..≈♣♣♣♣≈P...♣ ♣♣♣...≈♣♣♣♣♣.≈.
≈.♣♣ ♣♣PP≈§♣♣♣ ♣♣♣♣..♣♣ ♣≈≈≈≈ ≈.♣
♣♣♣♣♣§§♣♣♣♣♣≈.≈≈.♣♣ ♣♣≈≈≈≈ ..♣♣
♣§§§≈..♣.≈≈≈.≈♣ ♣≈≈≈≈≈


You could see a spriggan druid and a vampire mosquito (wandering).

Vanquished Creatures
  Bai Suzhen (Swamp:4)
  Kirke (Lair:4)
  Donald (Swamp:2)
  An emperor scorpion (Spider:3)
  An entropy weaver (Spider:2)
  Nessos (Orc:2)
  Josephine (D:10)
  4 ogre magi (Orc:2)
  21 hydras
  3 ghost crabs
  16 two-headed ogres
  Erica (Orc:1)
  6 death yaks
  4 centaur warriors
  14 alligators
  A tengu warrior (D:15)
  Urug (D:10)
  Sonja (Lair:4)
  A deep elf knight (D:12)
  A skeletal warrior (D:13)
  A spriggan druid (Swamp:3)
  5 unseen horrors
  2 wizards
  A shambling mangrove (Swamp:3)
  5 swamp dragons
  A necromancer (D:14)
  A lindwurm (Lair:6)
  The ghost of Pawles22 the Ducker, a novice MiMo (D:5)
  2 orc knights
  5 deep elf magi
  A cyclops (D:15)
  3 ugly things
  4 wolf spiders
  3 orb spiders
  3 orc sorcerers
  4 manticores
  14 elephants
  A moth of wrath (Spider:2)
  5 centaur zombies
  A naga mage (D:15)
  A torpor snail (Lair:6)
  6 black mambas
  8 centaur skeletons
  The ghost of junkhipster the Cudgeler, a novice FoFi of Okawaru (D:5)
  16 spiny frogs
  A gargoyle (D:15)
  3 kobold demonologists
  A komodo dragon (Lair:5)
  3 demonic crawlers
  3 rime drakes (Lair:6)
  4 yaktaurs (D:13)
  A tengu conjurer (D:10)
  10 jumping spiders
  6 trolls
  A polar bear (Lair:2)
  2 tyrant leeches
  10 hornets
  A harpy skeleton (D:15)
  13 slime creatures
  2 dream sheep (Lair:6)
  8 hippogriffs
  16 blink frogs
  8 bog bodies
  A vampire (D:14)
  34 redbacks
  8 spriggans
  A shadow (D:15)
  18 tarantellas
  8 wraiths
  2 wyverns
  27 yaks
  4 basilisks
  2 wargs (Orc:2)
  19 vampire mosquitoes
  12 swamp worms
  Grum (D:10)
  An acid dragon (D:15)
  13 insubstantial wisps
  A soldier ant (D:14)
  17 water moccasins
  3 porcupines
  2 swamp drakes (Swamp:4)
  2 ice beasts
  A sky beast (D:7)
  28 ogres
  3 necrophages
  20 orc warriors
  3 black bears
  3 phantoms
  19 wolves
  3 eyes of draining
  19 centaurs
  13 crocodiles
  3 big kobolds
  17 bullfrogs
  Blork the orc (D:5)
  2 wyvern zombies
  5 scorpions
  A water moccasin skeleton (D:7)
  3 killer bees (D:9)
  25 wights
  An electric eel (Lair:4)
  7 howler monkeys
  4 crimson imps
  A quasit (D:15)
  4 bullfrog zombies
  5 hounds
  16 orc priests
  3 jellies
  4 bullfrog skeletons
  2 iguanas
  21 orc wizards
  A hell rat (D:9)
  5 worker ants
  A hound zombie (D:8)
  A mummy (D:9)
  2 worker ant zombies
  A howler monkey skeleton (D:4)
  3 gnolls (D:7)
  13 adders
  3 shadow imps
  3 adder zombies
  A worm (D:2)
  4 dart slugs
  2 leopard geckos
  70 orcs
  3 giant cockroaches
  3 goblins
  6 hobgoblins
  9 quokkas
  2 ball pythons (D:1)
  A bat (D:3)
  3 frilled lizards
  2 gnoll zombies (D:7)
  A jackal skeleton (D:5)
  13 kobolds
  A leopard gecko zombie (D:7)
  A quokka skeleton (D:4)
  A quokka zombie (D:6)
  8 rats
  2 butterflies (Lair:1)
  A fungus (Lair:4)
849 creatures vanquished.

Vanquished Creatures (collateral kills)
  A wraith (D:10)
1 creature vanquished.

Vanquished Creatures (others)
  A shadow (Lair:4)
  3 orcs (Orc:2)
  A briar patch (Swamp:3)
  A bush (Lair:4)
  2 butterflies (Lair:4)
  18 fungi
  8 plants
  2 withered plants
36 creatures vanquished.

Grand Total: 886 creatures vanquished

Notes
Turn   | Place    | Note
-------+----------+-------------------------------------------
     0 | D:1      | jamsan the Felid Enchanter began the quest for the Orb.
     0 | D:1      | Reached XP level 1. HP: 7/7 MP: 4/4
   566 | D:2      | Reached XP level 2. HP: 11/11 MP: 6/6
   570 | D:2      | Learned a level 2 spell: Ensorcelled Hibernation
  1503 | D:2      | Reached XP level 3. HP: 14/14 MP: 7/7
  1508 | D:2      | Learned a level 3 spell: Confuse
  2952 | D:4      | Reached XP level 4. HP: 15/18 MP: 3/8
  3539 | D:4      | Found a snail-covered altar of Cheibriados.
  3760 | D:4      | Reached skill level 5 in Stealth
  3760 | D:4      | Reached XP level 5. HP: 21/21 MP: 6/9
  3781 | D:5      | Entered Level 5 of the Dungeon
  3839 | D:5      | Found a runed gate.
  3840 | D:5      | Found a runed gate.
  3841 | D:5      | Found a runed gate.
  3841 | D:5      | Noticed Pawles22's ghost (novice MiMo)
  3845 | D:5      | Noticed junkhipster's ghost (novice FoFi)
  3853 | D:5      | Noticed an ogre
  3913 | D:5      | Mangled by an ogre
  3914 | D:5      | Reached XP level 4. HP: -8/18 MP: 1/8
  3940 | D:5      | Reached skill level 1 in Ice Magic
  4134 | D:5      | Reached skill level 5 in Hexes
  4134 | D:5      | Reached XP level 5. HP: 16/21 MP: 2/9
  4405 | D:5      | Noticed Blork the orc
  4520 | D:5      | Noticed a centaur
  4701 | D:5      | HP: 1/21 [ogre/+0 giant spiked club (20)]
  4721 | D:5      | Killed an ogre
  5178 | D:5      | Gained mutation: You are covered in thick fur. (AC +2) [Felid growth]
  5178 | D:5      | Reached XP level 6. HP: 22/24 MP: 8/11
  5257 | D:5      | Learned a level 3 spell: Tukima's Dance
  5323 | D:5      | Noticed an ice beast
  5328 | D:5      | Killed an ice beast
  5400 | D:5      | Found a bloodstained altar of Trog.
  5635 | D:6      | Reached skill level 6 in Stealth
  5635 | D:6      | Reached XP level 7. HP: 27/27 MP: 12/12
  5642 | D:6      | Reached skill level 5 in Dodging
  5899 | D:6      | Found a staircase to the Ecumenical Temple.
  5902 | D:6      | Found a faded altar of an unknown god.
  5918 | Temple   | Entered the Ecumenical Temple
  6114 | Temple   | Became a worshipper of Dithmenos the Shadowed
  6221 | D:6      | Reached skill level 5 in Unarmed Combat
  6763 | D:7      | Reached skill level 7 in Stealth
  6839 | D:7      | Reached XP level 8. HP: 31/31 MP: 3/13
  6887 | D:7      | Noticed a hippogriff
  7067 | D:7      | Found a basalt altar of Yredelemnul.
  7468 | D:8      | Found Vexav's Armour Shop.
  7548 | D:8      | Reached * piety under Dithmenos
  8069 | D:8      | Noticed a hippogriff
  8233 | D:8      | Noticed Grum
  8411 | D:8      | Found Xaext's Magic Scroll Boutique.
  8415 | D:8      | Bought a scroll of fear for 42 gold pieces
  8561 | D:8      | Reached skill level 8 in Stealth
  8641 | D:8      | Noticed a two-headed ogre
  9305 | D:8      | Reached XP level 9. HP: 34/34 MP: 8/14
  9489 | D:9      | Found a shadowy altar of Dithmenos.
  9540 | D:9      | Reached skill level 9 in Stealth
  9793 | D:10     | Entered Level 10 of the Dungeon
 10059 | D:9      | Noticed a two-headed ogre
 10316 | D:9      | Noticed a troll
 10367 | D:9      | Noticed a death yak
 10367 | D:9      | Noticed a death yak
 10368 | D:9      | Noticed a death yak
 10433 | D:9      | Killed a two-headed ogre
 10433 | D:9      | Reached ** piety under Dithmenos
 10433 | D:9      | Reached skill level 10 in Stealth
 11138 | D:9      | Killed a troll
 11138 | D:9      | Reached XP level 10. HP: 37/37 MP: 11/15
 11179 | D:9      | Found a staircase to the Orcish Mines.
 11302 | D:9      | Found a stormy altar of Qazlal.
 11443 | D:9      | Reached skill level 10 in Unarmed Combat
 11603 | D:9      | Found a staircase to the Lair.
 12022 | D:9      | Found an ornate altar of the Wu Jian Council.
 12023 | D:9      | Found a glowing silver altar of Zin.
 12897 | D:10     | Noticed Josephine
 12942 | D:10     | Killed Grum
 13247 | D:10     | Noticed a centaur warrior
 13258 | D:10     | Shot with an arrow by a centaur warrior
 13259 | D:10     | Reached XP level 9. HP: -3/34 MP: 3/14
 13389 | D:10     | Noticed a troll
 13416 | D:10     | Noticed a skeletal warrior
 13578 | D:8      | Reached skill level 11 in Stealth
 13625 | D:8      | Reached skill level 10 in Dodging
 13848 | D:8      | Killed a two-headed ogre
 14682 | D:10     | Killed a troll
 14859 | D:10     | Reached XP level 10. HP: 37/37 MP: 9/15
 15255 | D:10     | Killed a centaur warrior
 15729 | D:10     | Reached skill level 12 in Stealth
 16290 | D:10     | Noticed a rakshasa
 16337 | D:10     | Learned a level 3 spell: Dazzling Spray
 16889 | D:7      | Found a blossoming altar of Fedhas.
 17137 | D:5      | Killed Blork the orc
 17522 | D:11     | Noticed an unseen horror
 18496 | D:11     | Noticed a six-headed hydra
 18785 | D:11     | Killed an unseen horror
 19218 | D:11     | Noticed a purple ugly thing
 19439 | D:11     | Killed a purple ugly thing
 19936 | D:12     | Noticed a manticore
 20051 | D:12     | Killed a manticore
 20051 | D:12     | Reached XP level 11. HP: 40/40 MP: 12/16
 20223 | D:12     | Reached *** piety under Dithmenos
 20584 | D:12     | Noticed an unseen horror
 20593 | D:12     | Killed an unseen horror
 20674 | D:12     | Noticed a deep elf mage
 20923 | D:13     | Reached skill level 13 in Stealth
 20941 | D:13     | Noticed a deep elf mage
 21105 | D:13     | Noticed a two-headed ogre
 21369 | D:13     | Noticed a skeletal warrior
 21815 | D:14     | Noticed an unseen horror
 21822 | D:14     | Killed an unseen horror
 22012 | D:13     | Noticed a sixfirhy
 22284 | D:14     | Noticed a two-headed ogre
 22490 | D:12     | Killed a deep elf mage
 23191 | D:13     | Noticed a deep elf knight
 23421 | D:13     | Noticed a deep elf mage
 23427 | D:13     | Killed a deep elf mage
 23442 | D:13     | Killed a deep elf mage
 23442 | D:13     | Gained mutation: Your thick and shaggy fur keeps you warm. (AC +3, rC+) [Felid growth]
 23442 | D:13     | Reached XP level 12. HP: 44/44 MP: 6/17
 23670 | D:14     | Noticed a centaur warrior
 23995 | D:14     | Reached **** piety under Dithmenos
 24146 | D:14     | Reached skill level 14 in Stealth
 24645 | D:14     | Killed a centaur warrior
 25721 | D:14     | Killed a two-headed ogre
 26034 | D:15     | Entered Level 15 of the Dungeon
 26393 | D:15     | Noticed a tengu warrior
 27533 | D:10     | Noticed Urug
 27793 | D:10     | Killed Josephine
 27793 | D:10     | Reached XP level 13. HP: 48/48 MP: 6/20
 27880 | D:11     | Learned a level 6 spell: Invisibility
 28151 | D:11     | Reached skill level 1 in Fighting
 28948 | D:9      | Reached skill level 15 in Stealth
 29410 | Lair:1   | Entered Level 1 of the Lair of Beasts
 30432 | Lair:2   | Found a hole to the Spider Nest.
 31088 | Lair:2   | Reached ***** piety under Dithmenos
 31166 | Lair:2   | Reached skill level 10 in Hexes
 31286 | Lair:2   | Reached skill level 15 in Unarmed Combat
 31483 | Lair:2   | Reached skill level 5 in Spellcasting
 33695 | Lair:4   | Found a staircase to the Swamp.
 33808 | Lair:4   | Noticed Sonja
 33843 | Lair:4   | Killed Sonja
 34778 | Lair:4   | Found a glowing golden altar of the Shining One.
 34884 | Lair:4   | Noticed Kirke
 35497 | Lair:5   | Found a staircase to the Slime Pits.
 35500 | Lair:5   | Found a viscous altar of Jiyva.
 35713 | Lair:5   | Reached XP level 14. HP: 38/54 MP: 16/23
 35719 | Lair:5   | Learned a level 4 spell: Cause Fear
 35721 | Lair:5   | Learned a level 1 spell: Summon Butterflies
 36086 | Lair:6   | Entered Level 6 of the Lair of Beasts
 37073 | Lair:6   | Reached skill level 16 in Stealth
 39572 | Lair:6   | Reached skill level 15 in Dodging
 40334 | Swamp:1  | Entered Level 1 of the Swamp
 40339 | Swamp:1  | Reached ****** piety under Dithmenos
 40594 | Lair:4   | Killed Kirke
 40779 | Lair:4   | Identified the Compendium of Dust
 41807 | Lair:4   | Slain by a very large slime creature
 41808 | Lair:4   | Reached XP level 13. HP: -5/51 MP: 6/24
 41916 | Spider:1 | Entered Level 1 of the Spider Nest
 42139 | Spider:1 | Learned a level 2 spell: Blink
 42343 | Spider:1 | Reached XP level 14. HP: 55/55 MP: 25/25
 42858 | Spider:2 | Noticed an entropy weaver
 42862 | Spider:2 | Killed an entropy weaver
 43228 | Spider:2 | Blown up by an orb spider
 43229 | Spider:2 | Reached XP level 13. HP: -7/52 MP: 24/24
 44387 | Slime:1  | Entered Level 1 of the Pits of Slime
 44387 | Slime:1  | Noticed an acid blob
 44912 | Spider:2 | Reached skill level 17 in Stealth
 45392 | Spider:3 | Noticed an emperor scorpion
 45402 | Spider:3 | Killed an emperor scorpion
 45422 | Spider:3 | Noticed an entropy weaver
 45467 | Spider:3 | Noticed a spark wasp
 45715 | D:5      | Killed junkhipster's ghost
 45720 | D:5      | Killed Pawles22's ghost
 46137 | D:10     | Killed Urug
 46492 | D:13     | Found a gate to the Vaults.
 46595 | D:13     | Reached skill level 5 in Fighting
 46707 | D:15     | Found a sacrificial altar of Ru.
 47104 | D:15     | Found a staircase to the Depths.
 47239 | D:15     | Reached XP level 14. HP: 58/58 MP: 7/25
 47260 | D:15     | Found Wehiru's Magic Scroll Emporium.
 47794 | D:15     | Bought a scroll of fear for 59 gold pieces
 47794 | D:15     | Bought a scroll of blinking for 127 gold pieces
 47794 | D:15     | Bought a scroll of teleportation for 51 gold pieces
 47794 | D:15     | Bought a scroll of fear for 59 gold pieces
 50808 | Swamp:2  | Reached skill level 18 in Stealth
 50896 | Swamp:2  | Noticed Donald
 50909 | Swamp:2  | Killed Donald
 51626 | Swamp:3  | Noticed a thorn hunter
 51972 | Swamp:4  | Entered Level 4 of the Swamp
 51972 | Swamp:4  | Noticed Bai Suzhen
 51975 | Swamp:4  | Killed Bai Suzhen
 52809 | Swamp:4  | Reached XP level 15. HP: 66/66 MP: 20/26
 53280 | Swamp:3  | Upgraded the game from 0.22-a0-525-gf69a080 to 0.22-a0-533-g4d20840
 53483 | Orc:1    | Entered Level 1 of the Orcish Mines
 53694 | Orc:2    | Entered Level 2 of the Orcish Mines
 53832 | Orc:2    | Gained mutation: You have an increased reservoir of magic. (+10% MP) [mutagenic glow]
 54099 | Orc:2    | Reached skill level 1 in Translocations
 54438 | Orc:1    | Noticed Erica
 54446 | Orc:1    | Killed Erica
 54844 | Orc:2    | Found Afofoarr's Distillery.
 54844 | Orc:2    | Found Qacvul's Antique Weapon Boutique.
 54848 | Orc:2    | Reached skill level 19 in Stealth
 54849 | Orc:2    | Found Affu's Antique Armour Shoppe.
 54849 | Orc:2    | Found Kematrie's Weapon Shop.
 54907 | Orc:2    | Found a staircase to the Elven Halls.
 54934 | Orc:2    | Noticed Nessos
 54940 | Orc:2    | Killed Nessos
 55481 | Orc:2    | Bought a potion of curing for 42 gold pieces
 55481 | Orc:2    | Bought a potion of curing for 42 gold pieces
 55481 | Orc:2    | Bought a potion of cancellation for 112 gold pieces
 55481 | Orc:2    | Bought a potion of might for 56 gold pieces
 56519 | Swamp:4  | Upgraded the game from 0.22-a0-533-g4d20840 to 0.22-a0-538-g76cc104
 58214 | Swamp:3  | Killed from afar by a spriggan druid

Vault maps used:
D:1:      saegor_arrival_simple_c, nrook_mini_backslash
D:4:      kennysheep_slug_shrine, first_ration
D:5:      lightli_temple_of_fire, gammafunk_ghost_cemetery, uniq_blork_the_orc
D:6:      nicolae_temple_entry_ecumenical
D:7:      lemuel_zombie_altar_yredelemnul, fedhas_altar_1
D:8:      serial_shops, shop, shop, uniq_grum
D:9:      gammafunk_temple_overflow_pools, dpeg_lair_monsters, orc_0_dummy,
          basic_altar, serial_undead, serial_undead_f, serial_undead_f,
          serial_undead_d, serial_undead_d, serial_undead_c, serial_undead_a,
          grunt_dithmenos_shadows
D:10:     minmay_the_grid_four_pointed_star_mashed, grunt_tengu_nest, uniq_urug,
          uniq_josephine
D:13:     hangedman_vaults_entry_quadrant_bands
D:14:     minmay_misc_feat_chi, lightli_wizard_tower
D:15:     grunt_enter_depths_magical_seal, lemuel_round_altar, serial_shops,
          shop_fountains
Temple:   nicolae_temple_elliptical
Lair:1:   lemuel_fruit_fields
Lair:2:   spider_nest_entry_a, grunt_forest_stairs_clearing, grunt_megastairs_2
Lair:4:   nicolae_swamp_entry_splash_gauntlet, basic_altar,
          grunt_forest_large_clearing_hut, lemuel_fruit_fields,
          infiniplex_staircase_pool, uniq_sonja, uniq_kirke
Lair:5:   slime_altar_1, grunt_megastairs_1
Lair:6:   hangedman_lair_in_review, st_stairs_7, grunt_megastairs_4
Swamp:1:  evilmike_swamp_ruin_rubble_1, swamp_pool4, st_swamp_mini
Swamp:2:  evilmike_swamp_ruin_house_1, uniq_donald
Swamp:3:  hangedman_swamp_ruin_wall
Swamp:4:  swamp, swamp_pool2, uniq_bai_suzhen
Spider:2: nicolae_orb_island
Spider:3: spider_trap
Orc:1:    uniq_erica
Orc:2:    st_orc_ogre_mass, uniq_nessos

Skill      XL: |  1  2  3  4  5  6  7  8  9 10 11 12 13 14 15 |
---------------+----------------------------------------------+-----
Dodging        | 3 4 6 7 10 11 12 13 16 17 18 | 18.6
Unarmed Combat | 2 3 4 5 7 9 12 13 14 15 16 | 16.9
Stealth        | 5 6 7 8 11 12 13 14 17 18 19 | 19.4
Ice Magic      | 1 2 |  2.4
Hexes          | 5 6 8 9 10 12 13 | 13.0
Spellcasting   | 3 4 7 6 |  7.1
Fighting       | 5 7 9 |  9.2
Translocations | 3 |  3.0

Action                   |  1- 3 |  4- 6 |  7- 9 | 10-12 | 13-15 || total
-------------------------+-------+-------+-------+-------+-------++-------
Melee: Unarmed           |    86 |   131 |   259 |   548 |  1172 ||  2196
       Bite              |     4 |     9 |    24 |    53 |    96 ||   186
       Punch             |       |     3 |     5 |    29 |    66 ||   103
 Cast: Corona            |     6 |     6 |    14 |     5 |     4 ||    35
       Ensorcelled Hiber |    21 |    33 |   110 |   124 |   262 ||   550
       Confuse           |     1 |     4 |    54 |   157 |   246 ||   462
       Tukima's Dance    |       |       |       |     1 |    12 ||    13
       Dazzling Spray    |       |       |       |     2 |    41 ||    43
       Invisibility      |       |       |       |       |    48 ||    48
       Cause Fear        |       |       |       |       |    13 ||    13
       Summon Butterflie |       |       |       |       |     1 ||     1
       Blink             |       |       |       |       |     5 ||     5
 Abil: Evoke Flight      |       |       |       |       |     1 ||     1
Evoke: Wand              |       |    11 |    35 |    12 |    42 ||   100
       Phial of floods   |       |       |       |       |     3 ||     3
       Fan of gales      |       |       |       |       |     3 ||     3
       Lamp of fire      |       |       |       |       |     1 ||     1
  Use: Scroll            |       |     1 |     1 |    18 |    27 ||    47
       Potion            |       |     1 |       |     4 |    13 ||    18
 Stab: Sleeping          |    16 |    14 |    55 |    70 |   216 ||   371
       Distracted        |     1 |     1 |       |     2 |     7 ||    11
       Confused          |       |     2 |    21 |    55 |   110 ||   188
       Invisible         |       |       |       |     1 |   125 ||   126
       Fleeing           |       |       |       |       |     1 ||     1
  Eat: Chunk             |    12 |     4 |    34 |    50 |    91 ||   191
       Ration            |       |     1 |       |       |     1 ||     2
Armor: Skin              |     5 |    15 |    18 |    26 |    53 ||   117
Dodge: Dodged            |    49 |    81 |   209 |   576 |  1493 ||  2408

Table legend:
 A = Spawn XP
 B = Non-spawn XP
 C = Spawn XP percentage of total XP
 D = Spawn monster count
 E = Non-spawn monster count
 F = Spawn count percentage of total count
 G = Total turns spent on level
                    A         B        C        D         E        F      G
               +---------+---------+-------+---------+---------+-------+---------
         Total |       0 |  211212 |   0.0 |       0 |     848 |   0.0 | 58214
               +---------+---------+-------+---------+---------+-------+---------
           D:1 |       0 |      11 |   0.0 |       0 |       7 |   0.0 |   882
           D:2 |       0 |      41 |   0.0 |       0 |      14 |   0.0 |  1216
           D:3 |       0 |      14 |   0.0 |       0 |      10 |   0.0 |   889
           D:4 |       0 |     138 |   0.0 |       0 |      16 |   0.0 |   794
           D:5 |       0 |    1807 |   0.0 |       0 |      16 |   0.0 |  2154
           D:6 |       0 |     426 |   0.0 |       0 |      10 |   0.0 |   807
           D:7 |       0 |     928 |   0.0 |       0 |      15 |   0.0 |  1490
           D:8 |       0 |    2574 |   0.0 |       0 |      37 |   0.0 |  2663
           D:9 |       0 |    5967 |   0.0 |       0 |      43 |   0.0 |  4461
          D:10 |       0 |    6052 |   0.0 |       0 |      42 |   0.0 |  4050
          D:11 |       0 |    3733 |   0.0 |       0 |      27 |   0.0 |  3427
          D:12 |       0 |    4645 |   0.0 |       0 |      26 |   0.0 |  1726
          D:13 |       0 |    8590 |   0.0 |       0 |      26 |   0.0 |  2952
          D:14 |       0 |    9755 |   0.0 |       0 |      44 |   0.0 |  2812
          D:15 |       0 |   13767 |   0.0 |       0 |      44 |   0.0 |  1643
        Lair:1 |       0 |     864 |   0.0 |       0 |       7 |   0.0 |  1307
        Lair:2 |       0 |    9221 |   0.0 |       0 |      42 |   0.0 |  1936
        Lair:3 |       0 |    5061 |   0.0 |       0 |      27 |   0.0 |  1675
        Lair:4 |       0 |   15098 |   0.0 |       0 |      47 |   0.0 |  4028
        Lair:5 |       0 |    2454 |   0.0 |       0 |      11 |   0.0 |  1705
        Lair:6 |       0 |   19493 |   0.0 |       0 |      54 |   0.0 |  3362
       Swamp:1 |       0 |   11454 |   0.0 |       0 |      22 |   0.0 |  1819
       Swamp:2 |       0 |    9271 |   0.0 |       0 |      16 |   0.0 |  1034
       Swamp:3 |       0 |   12509 |   0.0 |       0 |      24 |   0.0 |  2960
       Swamp:4 |       0 |   22510 |   0.0 |       0 |      40 |   0.0 |   933
      Spider:1 |       0 |    8439 |   0.0 |       0 |      32 |   0.0 |  1076
      Spider:2 |       0 |   10004 |   0.0 |       0 |      33 |   0.0 |  1700
      Spider:3 |       0 |    2823 |   0.0 |       0 |       5 |   0.0 |    96
         Orc:1 |       0 |    2616 |   0.0 |       0 |      25 |   0.0 |   737
         Orc:2 |       0 |   20947 |   0.0 |       0 |      86 |   0.0 |  1661
               +---------+---------+-------+---------+---------+-------+---------
